 Dungeon Sprint DCSS version 0.28.0-53-g5a82cb258f (webtiles) character file.

Game seed: 8912006148360114290

9 Zeld the Conjurer (level 2, -9/15 HPs)
             Began as a Deep Elf Conjurer on June 4, 2022.
             Killed from afar by an oklob sapling (24 damage)
             ... with a splash of acid
             ... in the Dungeon (Sprint IV: "Fedhas' Mad Dash").
             The game lasted 00:00:23 (281 turns).

Zeld the Conjurer (Deep Elf Conjurer)                Turns: 281, Time: 00:00:23

Health: -9/15      AC:  2    Str:  4    XL:     2   Next: 6%
Magic:  7/9        EV: 12    Int: 22    God:
Gold:   0          SH:  0    Dex: 13    Spells: 6/9 levels left

rFire   . . .      SeeInvis .   (no weapon)
rCold   . . .      Faith    .   (no shield)
rNeg    . . .      Spirit   .   a - +0 robe
rPois   .          Reflect  .   (no helmet)
rElec   .          Harm     .   (no cloak)
rCorr   .          Rampage  .   (no gloves)
Will    .....      NoTele   +   (no boots)
Stlth   ++........              (no amulet)
HPRegen 0.05/turn               (no ring)
MPRegen 0.11/turn               (no ring)

@: no status effects
A: no striking features
a: no special abilities


You were in the Dungeon.
You visited 1 branch

Inventory:

Armour
 a - a +0 robe (worn)
Scrolls
 g - a scroll of blinking
Potions
 b - a potion of curing
 c - a potion of heal wounds
 d - a potion of haste
 e - 2 potions of magic
 f - a potion of berserk rage


   Skills:
 * Level 2.4 Dodging
 - Level 2.4 Stealth
 + Level 4.0 Spellcasting
 + Level 5.1 Conjurations
 - Level 2.0 Hexes
 - Level 2.0 Translocations


You had 6 spell levels left.
You knew the following spells:

 Your Spells              Type           Power      Damage    Failure   Level
a - Magic Dart            Conj           100%       1d8       1%          1
b - Searing Ray           Conj           54%        2d6       1%          2

Your spell library contained the following spells:

 Spells                   Type           Power      Damage    Failure   Level
 Dazzling Flash           Conj/Hex       40%        N/A       8%          3
 Fulminant Prism          Conj/Hex       10%        3d9       26%         4
 Iskenderun's Mystic Bla  Conj/Tloc      20%        2d6       26%         4


Dungeon Overview and Level Annotations

Branches:
Dungeon (1/1)

Altars:

Annotations:
D exclusion: oklob sapling


Message History

Aiming: Magic Dart (safe; 1% risk of failure)
Press: ? - help, Shift-Dir - straight line, f/p - river rat
Aim: a river rat (heavily wounded, 100% to hit)
The magic dart hits the river rat!
You kill the river rat!
Training target 2.0 for Translocations reached!
Training target 2.0 for Hexes reached!
Your Spellcasting skill increases to level 4!
Your Conjurations skill increases to level 5!
Your Hexes skill increases to level 2!
Your Translocations skill gained 2 levels and is now at level 2!
You have reached level 2!
Memorise Searing Ray, consuming 2 spell levels and leaving 6?
You start memorising the spell.
You continue memorising. x2
You finish memorising.
Spell assigned to 'b'.
You see here a river rat corpse.
There is an open door here.
You start resting.
You see here 16 bolts.
You start resting.
Magic restored.
You start resting.
HP restored.
You start waiting.
You open the door.
Found 15 gold pieces.
An oklob sapling comes into view.
Found 16 gold pieces.
Marking area around an oklob sapling as unsafe for travelling.
Casting: Magic Dart (safe; 1% risk of failure)
Confirm with . or Enter, or press ? or * to list all spells.
Aiming: Searing Ray (safe; 1% risk of failure)
Press: ? - help, Shift-Dir - straight line, f - oklob sapling
Aim: an oklob sapling (dormant, 100% to hit)
The searing ray hits the oklob sapling but does no damage. (Press . to maintain the ray.)
The oklob sapling spits acid at you. The splash of acid hits you!!
Ouch! That really hurt!
You die...

#################
#<รท.P#.....#.$$$$
#PP..'.(.@.'.#
#PPPP#.....#P#
############


You could see an oklob sapling.

Vanquished Creatures
  A river rat (D)
  A rat (D)
2 creatures vanquished.

Notes
Turn   | Place    | Note
-------+----------+-------------------------------------------
     0 | D        | Zeld the Deep Elf Conjurer began the quest for the Orb.
     0 | D        | Reached XP level 1. HP: 10/10 MP: 6/6
     6 | D        | Reached skill level 1 in Hexes
    16 | D        | Reached skill level 5 in Conjurations
    16 | D        | Reached XP level 2. HP: 5/15 MP: 0/9
    19 | D        | Learned a level 2 spell: Searing Ray
   280 | D        | Noticed an oklob sapling
   281 | D        | Killed from afar by an oklob sapling

Illustrated notes

Levels and vault maps discovered:
D:        dungeon_sprint_fedhas [sprint_temple]

Skill      XL: |  1 |
---------------+----+-----
Hexes          | 2 |  2.0
Spellcasting   | 4 |  4.0
Conjurations   | 5 |  5.1
Translocations | 2 |  2.0
Dodging        | |  2.4
Stealth        | |  2.4

Action                   || total
-------------------------++-------
 Cast: Magic Dart        ||     7
       Searing Ray       ||     1
Dodge: Dodged            ||     1
